Map: Blackpink LE

Players

LigerMaNN - Winner!

  • Race: Zerg Zerg
  • League: Diamond
  • Spawn Location: 7:00

MrAce

  • Race: Protoss Protoss
  • League: Diamond
  • Spawn Location: 1:00

VOD

Have the link to the VOD?

Description

Meme

Time

  • Played on: Jan. 31, 2018, 3:52 p.m.
  • Length: 4:03
Show
View Real Time Build Order
Export as new Build Order

LigerMaNN Zerg - Winner!

Build Orders: Hatch First 

Get SALT Encoding   

  12  0:01  Drone  
  13  0:15  Overlord  
  13  0:17  Drone  
  14  0:34  Drone  
  14  0:35  Drone  
  16  0:43  Drone  
  17  0:56  Hatchery  
  16  0:58  Drone  
  16  1:00  Drone  
  18  1:12  Drone  
  18  1:14  Extractor  
  18  1:20  Spawning Pool  
  18  1:39  Hatchery  
  17  1:45  Drone  
  17  1:46  Extractor, Drone  
  18  1:50  Drone  
  19  2:08  Queen  
  19  2:09  Queen  
  19  2:14  Zergling x2  
  24  2:17  Zergling x2  
  25  2:40  Zergling x6  
  27  2:57  Zergling x10  
  27  2:58  Zergling x2  
  32  3:11  Spine Crawler  
  26  3:14  Spine Crawler, Zergling x2  
  26  3:15  Spine Crawler  
  25  3:26  Zergling x2  
  25  3:27  Zergling x4  
Show
View Real Time Build Order
Export as new Build Order

MrAce Protoss 

Build Orders:  

Get SALT Encoding   

  12  0:01  Probe  
  13  0:13  Probe  
  14  0:19  Pylon  
  14  0:25  Probe  
  15  0:40  Gateway  
  15  0:45  Pylon  
  15  0:54  Probe  
  16  1:07  Probe, Gateway  
  17  1:16  Gateway  
  17  1:27  Zealot  
  17  1:32  Gateway  
  19  1:51  Cybernetics Core  
  21  1:56  Zealot (Chrono Boost)  
  23  2:04  Zealot (Chrono Boost)  
  23  2:06  Probe  
  23  2:07  Pylon  
  24  2:12  Zealot (Chrono Boost)  
  28  2:24  Zealot (Chrono Boost)  
  28  2:28  Zealot (Chrono Boost)  
  30  2:32  Zealot  
  32  2:52  Zealot  
  32  2:53  Zealot  
  32  2:54  Zealot  
  38  3:30  Pylon  
  38  3:34  Forge  
Tags
 
Add a new tag
Caveats
  • Supply blocks, unpowered buildings, or Contaminate may cause inaccurate times.
  • Supply counts are checked every 10 seconds.